 Dungeon Crawl Stone Soup version 0.17-a0-1468-gbf503c2 (console) character file.

98 dunyain the Chopper (level 4, -3/33 HPs)
             Began as a Demonspawn Gladiator on July 1, 2015.
             Slain by an orc
             ... wielding a +0 hand axe
              (8 damage)
             ... on level 3 of the Dungeon.
             The game lasted 00:01:52 (1663 turns).

dunyain the Chopper (Demonspawn Gladiator)          Turns: 1663, Time: 00:01:53

Health: -3/33      AC:  8    Str: 16    XL:     4   Next: 43%
Magic:  4/4        EV: 12    Int:  9    God:
Gold:   57         SH:  0    Dex: 13    Spells: 0 memorised, 3 levels left

rFire  + . .     SeeInvis .     a - +0 war axe
rCold  . . .     Clarity  .     b - +0 leather armour
rNeg   . . .     SustAt   .     (no shield)
rPois  +         Gourm    .     c - +0 helmet
rElec  .         Spirit   .     (no cloak)
rCorr  .         Warding  .     (no gloves)
rMut   .         Stasis   .     (no boots)
MR     .....                    (no amulet)
Stlth  ++........               r - ring of poison resistance
                                j - ring of stealth

@: not resistant to hostile enchantments, unstealthy
A: rough black scales 1, fire resistance 1
a: no special abilities


You were on level 3 of the Dungeon.
You were not hungry.

You visited 1 branch of the dungeon, and saw 3 of its levels.

You collected 57 gold pieces.

Inventory:

Hand weapons
 a - a +0 war axe (weapon)
Missiles
 d - 3 throwing nets (quivered)
Armour
 b - a +0 leather armour (worn)
 c - a +0 helmet (worn)
Jewellery
 j - a ring of stealth (left hand)
 r - a ring of poison resistance (right hand)
Scrolls
 g - 2 scrolls of magic mapping {unknown}
 i - 4 scrolls of identify {unknown}
 k - a scroll of enchant weapon {unknown}
 n - a scroll of remove curse {unknown}
 p - a scroll of amnesia {unknown}
 s - a scroll of fog {unknown}
Potions
 h - a potion of mutation {unknown}
 l - a potion of experience {unknown}
 q - 2 potions of brilliance {unknown}
 x - 2 potions of lignification {unknown}
Comestibles
 e - 2 bread rations
 m - 2 fruits
 t - a beef jerky
 u - a meat ration
 v - a chunk of flesh
 w - a slice of pizza


   Skills:
 - Level 2.0 Fighting
 + Level 4.8 Axes
 - Level 1.7 Throwing
 - Level 2.6 Dodging


You had 3 spell levels left.
You didn't know any spells.

Dungeon Overview and Level Annotations

Branches:
Dungeon (3/15)

Altars:


Innate Abilities, Weirdness & Mutations

You are partially covered in rough black scales (AC +4, Dex -1).
Your flesh is heat resistant.


Message History

You hit the orc.
The orc is moderately wounded.
The orc misses you.
You barely miss the orc.
The orc is moderately wounded.
The orc closely misses you.
The orc priest mumbles some strange prayers to Beogh.
You feel a wave of unholy energy pass over you.
You hit the orc but do no damage.
The orc is moderately wounded.
The orc hits you with a war axe.
The orc priest mumbles some strange prayers to Beogh against you.
Something smites you!
* * * LOW HITPOINT WARNING * * *
The orc hits you but does no damage.
The orc priest calls upon Beogh to heal the orc.
The orc's wounds heal themselves!
The orc hits you but does no damage. The orc closely misses you.
The orc hits you with a hand axe!
You die...

#### ##...#
#.....##### #
#...o.....##.#
#....)o......#
#...o##.#.#########
#......o.#.#.......#
#..#.##.@#)#.......#
.........#.#.......#
$....##..#.........#
.## #..###.......#
...###.......#
###...........#
#..#####.####
#...........####
##.#####.......#


You could see an orc priest and 2 orcs.

Vanquished Creatures
  5 adders
  2 worms (D:2)
  4 giant geckos
  An orc (D:3)
  7 goblins
  2 hobgoblins (D:1)
  A jackal (D:1)
  3 kobolds
  A quokka (D:2)
  9 bats
  5 giant newts
  5 rats (D:1)
45 creatures vanquished.

Notes
Turn   | Place    | Note
--------------------------------------------------------------
     0 | D:1      | dunyain the Demonspawn Gladiator began the quest for the Orb.
     0 | D:1      | Reached XP level 1. HP: 16/16 MP: 1/1
   133 | D:1      | Reached skill level 3 in Axes
   205 | D:1      | Gained mutation: You are partially covered in rough black scales (AC +4, Dex -1). [demonic ancestry]
   205 | D:1      | Reached XP level 2. HP: 12/22 MP: 2/2
   902 | D:2      | Gained mutation: Your flesh is heat resistant. [demonic ancestry]
   902 | D:2      | Reached XP level 3. HP: 23/27 MP: 3/3
   917 | D:2      | Reached skill level 4 in Axes
  1260 | D:2      | Reached XP level 4. HP: 33/33 MP: 4/4
  1663 | D:3      | Slain by an orc

Vault maps used:
D:1:      minmay_arrival_up_and_down, hangedman_feature_mirror
D:2:      kennysheep_big_flooded_room
D:3:      first_bread, uniq_sigmund

Action                   |  1- 3 |  4- 6 || total
-------------------------+-------+-------++-------
Melee: War axe           |   121 |    23 ||   144
 Stab: Sleeping          |     4 |     1 ||     5
  Eat: Chunk             |     1 |     2 ||     3
